AoeStats
← VIT Liereyy

Arabian Desert

510294585Analyzed
1v1 RM · 2d ago on Sep 30, 2026· 21m 32s· 2 players
Game mode
Random Map
Map size
Tiny (2 player)
Population
200
Speed
Normal
Resources
Standard
Victory
Conquest
Starting age
Dark Age
Ending age
Imperial Age
RankedLock teamsTeams togetherTeam positionsShared explorationLock speedFull tech treeHidden civsTurbo modeCheats
Victory
Defeat
🇦🇹 Romans · Austria
2931
+10
🇹🇼 Cumans · Taiwan
2800
-10
TAG_Sora Kuma
6:42 Loom
9:11 Feudal Age
10:02 Double-Bit Axe
16:59 Fletching
19:52 Scale Barding Armor
VIT Liereyy
5:47 Loom
8:49 Feudal Age
9:18 Double-Bit Axe
9:06 Man-at-Arms
13:23 Fletching
14:50 Padded Archer Armor
15:44 Scale Mail Armor
21:01 Castle Age
18:50 Horse Collar
21:02 Long Swordsman
21:43 Squires
22:00 Chain Mail Armor
Connection lost

Rejoining the realm…

Still unreachable

The connection could not be restored.

Session expired

The server has moved on; the page needs a fresh start.